 Dungeon Crawl Stone Soup version 0.28.0-45-g0d030f2227 (webtiles) character file.

Game seed: 15118029185826855821

7 rlgrobin the Sneak (level 1, -2/7 HPs)
             Began as a Felid Venom Mage on Apr 6, 2022.
             Slain by a quokka (5 damage)
             ... on level 1 of the Dungeon.
             The game lasted 00:00:57 (328 turns).

rlgrobin the Sneak (Felid Venom Mage)                Turns: 328, Time: 00:00:57

Health: -2/7       AC:  1    Str:  4    XL:     1   Next: 83%
Magic:  4/4        EV: 17    Int: 16    God:
Gold:   0          SH:  0    Dex: 16    Spells: 3/4 levels left
                                        Lives:  0   Deaths: 0

rFire   . . .      SeeInvis +   (weapon unavailable)
rCold   . . .      Faith    .   (shield unavailable)
rNeg    . . .      Spirit   .   (armour unavailable)
rPois   .          Reflect  .   (helmet unavailable)
rElec   .          Harm     .   (cloak unavailable)
rCorr   .          Rampage  .   (gloves unavailable)
Will    .....                   (boots unavailable)
Stlth   ++........              (no amulet)
HPRegen 0.02/turn               (no ring)
MPRegen 0.09/turn               (no ring)

@: quick
A: very small, claws 1, fangs 3, see invisible, speed 1, shaggy fur 1, stealthy
paws, no weapons or thrown items, no armour, multi-lived
a: no special abilities


You were on level 1 of the Dungeon.
You visited 1 branch of the dungeon, and saw 1 of its levels.

Inventory:

Scrolls
 a - a scroll of identify {unknown}
Potions
 b - a potion of mutation {unknown}


   Skills:
 + Level 2.8 Dodging
 * Level 2.9 Stealth
 * Level 2.1 Spellcasting
 * Level 1.3 Transmutations
 * Level 2.8 Poison Magic


You had 3 spell levels left.
You knew the following spells:

 Your Spells              Type           Power      Damage    Failure   Level
a - Sting                 Tmut/Pois      32%        1d4       9%          1

Your spell library contained the following spells:

 Spells                   Type           Power      Damage    Failure   Level
 Poisonous Vapours        Pois/Air       12%        N/A       17%         2
 Mephitic Cloud           Conj/Pois/Air  4%         N/A       38%         3
 Olgreb's Toxic Radiance  Pois           10%        N/A       54%         4


Dungeon Overview and Level Annotations

Branches:
Dungeon (1/15)

Altars:


Innate Abilities, Weirdness & Mutations

You have sharp claws.
You have razor-sharp teeth.
You have supernaturally acute eyesight. (SInv)
You cover ground quickly. (Speed+)
You are covered in fur. (AC +1)
Your paws help you pounce on unaware monsters.
You are incapable of wielding weapons or throwing items.
You cannot wear armour.
You gain extra lives every three experience levels.


Message History

The dart slug launches a dart at you. The slug dart misses you.
You scratch the dart slug but do no damage.
The dart slug is heavily wounded.
The dart slug bites you.
* * * LOW HITPOINT WARNING * * *
You scratch the dart slug.
The dart slug is almost dead.
You scratch the dart slug but do no damage.
The dart slug is almost dead.
The dart slug closely misses you.
You take 1 damage, and have 2/7 hp.
You scratch the dart slug.
You kill the dart slug!
HP restored.
A quokka comes into view.
A quokka is nearby!
The quokka bites you.
You take 1 damage, and have 6/7 hp.
You closely miss the quokka. The quokka barely misses you.
You scratch the quokka.
The quokka is heavily wounded.
The quokka barely misses you.
You closely miss the quokka. Your claw misses the quokka.
The quokka is heavily wounded.
The quokka closely misses you.
You miss the quokka.
The quokka is heavily wounded.
The quokka bites you.
You take 1 damage, and have 5/7 hp.
You scratch the quokka. Your bite misses the quokka.
The quokka is severely wounded.
The quokka completely misses you. The quokka bites you.
* * * LOW HITPOINT WARNING * * *
You take 2 damage, and have 3/7 hp.
You completely miss the quokka.
The quokka is heavily wounded.
The quokka bites you.
Ouch! That really hurt!
You die...

#.# #.# #.# #.#
#.# #.#
####.####
#....@r.#
#.##.##.# ##
#..#.# # .
#.#..#
.######..###
♣.....#..####.#
♣♣..##.#.......#
♣
♣..###.##.######
♣♣♣♣♣.........#


You could see a quokka.

Vanquished Creatures
  A dart slug (D:1)
  2 hobgoblins (D:1)
  A kobold (D:1)
4 creatures vanquished.

Notes
Turn   | Place    | Note
-------+----------+-------------------------------------------
     0 | D:1      | rlgrobin the Felid Venom Mage began the quest for the Orb.
     0 | D:1      | Reached XP level 1. HP: 7/7 MP: 4/4
   328 | D:1      | Slain by a quokka

Illustrated notes

Levels and vault maps discovered:
D:1:      kilobyte_arrival_exit_the_forest, layout_loops_cross

Action                   || total
-------------------------++-------
Melee: Unarmed           ||    16
       Bite              ||     1
 Stab: Sleeping          ||     2
Dodge: Dodged            ||     8
